 Dungeon Crawl Stone Soup version 0.17-a0-1103-ga40c899 (webtiles) character file.

114 Jine the Skirmisher (level 4, -8/37 HPs)
             Began as a Demonspawn Abyssal Knight on May 21, 2015.
             Was a Believer of Lugonu.
             Mangled by an ogre
             ... wielding a +0 giant club
              (13 damage)
             ... on level 3 of the Dungeon.
             The game lasted 00:06:37 (3117 turns).

Jine the Skirmisher (Demonspawn Abyssal Knight)     Turns: 3117, Time: 00:06:37

Health: -8/37      AC: 12    Str: 14    XL:     4   Next: 66%
Magic:  6/6        EV:  4    Int: 13    God:    Lugonu [**....]
Gold:   87         SH:  0    Dex: 12    Spells: 0 memorised, 3 levels left

rFire  . . .     SeeInvis .     a - +1 short sword
rCold  . . .     Clarity  .     m - +0 plate armour (curse)
rNeg   . . .     SustAb   .     (no shield)
rPois  .         Gourm    +     (no helmet)
rElec  .         Spirit   .     (no cloak)
rCorr  .         Warding  .     (no gloves)
rMut   .         Stasis   .     (no boots)
MR     .....                    u - amulet of the gourmand
Stlth  ..........               (no ring)
                                r - ring of invisibility

@: not resistant to hostile enchantments, extremely unstealthy
A: thin metallic scales 1, nightstalker 1
a: Depart the Abyss, Bend Space, Renounce Religion, Evoke Invisibility


You were on level 3 of the Dungeon.
You worshipped Lugonu.
Lugonu was pleased with you.
You were not hungry.

You visited 1 branch of the dungeon, and saw 3 of its levels.
You visited the Abyss 1 time.

You collected 87 gold pieces.

Inventory:

Hand weapons
 a - a +1 short sword (weapon)
Armour
 b - a +0 leather armour
 m - a cursed +0 plate armour (worn)
Jewellery
 r - a ring of invisibility (left hand)
 u - an amulet of the gourmand (around neck)
Magical devices
 c - a wand of lightning (7)
Scrolls
 d - a scroll of magic mapping {unknown}
 j - a scroll of immolation {unknown}
 k - a scroll of remove curse {unknown}
 l - a scroll of recharging {unknown}
 t - a scroll of blinking {unknown}
Potions
 e - a potion of lignification {unknown}
 f - a potion of magic
 i - a potion of ambrosia {unknown}
 n - a potion of curing {unknown}
 o - 3 potions of poison
 p - a potion of heal wounds {unknown}
 q - a potion of brilliance
Comestibles
 g - a meat ration
 h - a slice of pizza
 v - a royal jelly


   Skills:
 * Level 3.8 Fighting
 * Level 2.4 Short Blades
 + Level 2.1 Armour
 + Level 2.2 Dodging
 + Level 3.2 Invocations


You had 3 spell levels left.
You didn't know any spells.

Dungeon Overview and Level Annotations

Branches:
Dungeon (3/15)

Altars:

Annotations:
D:3 futacatgirl's ghost, average NaCj


Innate Abilities, Weirdness & Mutations

You are partially covered in thin metallic scales (AC +2).
You are slightly more attuned to the shadows.


Message History

The ogre shouts!
As you read the scroll labeled VETZOU DESOAMY, it crumbles to dust.
It is a scroll of identify.
Identify which item? (\ to view known items) (? for menu, Esc to quit)
o - 3 potions of poison Identify which item? (\ to view known items) (? for menu, Esc to quit)
As you read the scroll of identify, it crumbles to dust.
q - a potion of brilliance Identify which item? (\ to view known items) (? for menu, Esc to quit)
As you read the scroll of identify, it crumbles to dust.
f - a potion of magic You hit the ogre.
The ogre is lightly wounded.
The ogre hits you with a giant club! The ogre hits you with a giant club!!
* * * LOW HITPOINT WARNING * * *
The ogre hits you with a giant club.
* * * LOW HITPOINT WARNING * * *
The ogre hits you with a giant club!
You die...

....# #######.....#.....# ....#
######....########(#### ....#
#...##.##.# ####.# #. ....#
#...##.##.# ###...(###. ....#
#.........# #.....(#... ....####
#...#.##### #....†.#.#. .......#
#...#.# #..).).#.## ###.##.#
###.#O#######.....##.#
###....######.#.@...........##.##
.......#......#########.....##...
.......#......# #.....#####
.......#......# #.....#
.......#......# #######
.......#......# ...#......###.#
...#..###.###.# #####
...#....#.....# #....


You could see an ogre.

Vanquished Creatures
  5 adders
  3 oozes
  A worm (D:3)
  A giant gecko (D:2)
  4 orcs (D:3)
  10 bats
  2 giant cockroaches (D:3)
  5 goblins
  6 hobgoblins
  A quokka (D:3)
  2 ball pythons (D:3)
  A giant newt (D:2)
  2 kobolds (D:1)
  5 rats
48 creatures vanquished.

Notes
Turn   | Place    | Note
--------------------------------------------------------------
     0 | Abyss:1  | Jine the Demonspawn Abyssal Knight began the quest for the Orb.
     0 | Abyss:1  | Reached XP level 1. HP: 18/18 MP: 2/2
    24 | D:1      | Escaped the Abyss
   416 | D:1      | Reached skill level 1 in Dodging
   468 | D:1      | Gained mutation: You are slightly more attuned to the shadows. [demonic ancestry]
   468 | D:1      | Reached XP level 2. HP: 20/24 MP: 3/3
  1417 | D:2      | Reached XP level 3. HP: 24/29 MP: 4/4
  1667 | D:2      | Acquired Lugonu's second power
  2312 | D:3      | Gained mutation: You are partially covered in thin metallic scales (AC +2). [demonic ancestry]
  2312 | D:3      | Reached XP level 4. HP: 26/36 MP: 4/6
  2923 | D:3      | Noticed futacatgirl's ghost (average NaCj)
  3086 | D:3      | Noticed an ogre
  3117 | D:3      | Mangled by an ogre

Vault maps used:
D:1:      mrwooster_arrival_statue
D:2:      first_bread, nicolae_underground_beach

Action                   |  1- 3 |  4- 6 || total
-------------------------+-------+-------++-------
Melee: Short sword       |   174 |    66 ||   240
  Use: Scroll            |       |     3 ||     3
 Stab: Sleeping          |     1 |       ||     1
  Eat: Bread ration      |     1 |     1 ||     2
       Chunk             |       |     1 ||     1
